 Dungeon Crawl Stone Soup version 0.30-a0-311-gf115ab0292 (webtiles) character file.

Game seed: 1232008335649243815

49 IdlyInterested the Grasshopper (level 3, -2/27 HPs)
             Began as a Demonspawn Wanderer on Oct 25, 2022.
             Slain by a scorpion (5 damage)
             ... on level 2 of the Dungeon.
             The game lasted 00:04:46 (1239 turns).

IdlyInterested the Grasshopper (DsWn)               Turns: 1239, Time: 00:04:47

Health: -2/27      AC:  3    Str: 12    XL:     3   Next: 51%
Magic:  6/6        EV: 13    Int: 15    God:
Gold:   56         SH:  0    Dex: 12    Spells: 6/6 levels left

rFire   + . .      SeeInvis .    i - +0 short sword
rCold   + . .      Faith    .    (no shield)
rNeg    . . .      Spirit   .    c - +0 robe
rPois   +          Reflect  .    (no helmet)
rElec   +          Harm     .    h - scarf {+Inv}
rCorr   +          Rampage  .    d - +0 pair of gloves
Will    .....                    (no boots)
Stlth   ++........               (no amulet)
HPRegen 0.24/turn                (no ring)
MPRegen 0.10/turn                (no ring)

@: resistant, hasted, very quick
A: repulsion field 1
a: Evoke Invisibility


You were on level 2 of the Dungeon.
You visited 1 branch of the dungeon, and saw 2 of its levels.

You collected 56 gold pieces.

Inventory:

Hand Weapons
 a - a +0 dagger
 i - a +0 short sword (weapon)
Armour
 c - a +0 robe (worn)
 d - a +0 pair of gloves (worn)
 f - a +0 chain mail
 h - a scarf of invisibility (worn)
Scrolls
 b - a scroll of blinking
 e - a scroll of summoning {unknown}
 k - a scroll of teleportation {unknown}
 n - a scroll of fear {unknown}
Potions
 g - a potion of brilliance


   Skills:
 * Level 2.1 Fighting
 - Level 1.0 Armour
 - Level 1.0 Dodging
 - Level 1.0 Stealth
 - Level 2.0 Spellcasting
 - Level 3.0 Translocations
 * Level 2.5 Earth Magic


You had 6 spell levels left.
You didn't know any spells.
Your spell library contained the following spells:

 Spells                   Type           Power      Damage    Failure   Level
 Apportation              Tloc           20%        N/A       6%          1
 Sandblast                Erth           18%        2d7       8%          1
 Passwall                 Tmut/Erth      4%         N/A       21%         2
 Vhi's Electric Charge    Tloc/Air       12%        N/A       34%         3
 Stone Arrow              Conj/Erth      10%        3d7       36%         3


Dungeon Overview and Level Annotations

Branches:
Dungeon (2/15)

Altars:


Innate Abilities, Weirdness & Mutations

You are surrounded by a mild repulsion field. (EV +2)


Message History

You hit the scorpion.
The scorpion is moderately wounded.
* * * LOW HITPOINT WARNING * * *
You feel very sick. The scorpion completely misses you.
You feel better.
It was a potion of resistance.
You feel protected. The scorpion closely misses you.
You hit the scorpion but do no damage.
The scorpion is moderately wounded.
The scorpion misses you.
You closely miss the scorpion.
The scorpion is moderately wounded.
The scorpion barely misses you.
You barely miss the scorpion.
The scorpion is moderately wounded.
The scorpion stings you.
* * * LOW HITPOINT WARNING * * *
You hit the scorpion but do no damage.
The scorpion is moderately wounded.
You closely miss the scorpion.
The scorpion is moderately wounded.
The scorpion stings you.
* * * LOW HITPOINT WARNING * * *
You closely miss the scorpion.
The scorpion is moderately wounded.
The scorpion misses you.
You barely miss the scorpion.
The scorpion is moderately wounded.
The scorpion closely misses you.
You barely miss the scorpion.
The scorpion is lightly wounded.
The scorpion barely misses you.
You hit the scorpion but do no damage.
The scorpion is lightly wounded.
You closely miss the scorpion.
The scorpion is lightly wounded.
The scorpion stings you.
You die...

.##.#.#...##
#..>...
..........#########
#.#..##......#
###....##.##..##
#............##
##......#.#####
##.......#.#
...##..###..#..#
........s@.##.##
......#######.' #
...## #### # . #


You could see a scorpion.

Vanquished Creatures
  An adder (D:2)
  A dart slug (D:2)
  7 bats
  4 endoplasms
  A giant cockroach (D:1)
  3 goblins
  2 hobgoblins
  3 jackals (D:2)
  A quokka (D:1)
  5 ball pythons
  2 frilled lizards
  4 rats
34 creatures vanquished.

Notes
Turn   | Place    | Note
-------+----------+-------------------------------------------
     0 | D:1      | IdlyInterested the Demonspawn Wanderer began the quest for
                  | the Orb.
     0 | D:1      | IdlyInterested set off with the following items: a +0
                  | dagger, a scroll of blinking, a +0 robe, a +0 pair of
                  | gloves; and the following spells available to memorise:
                  | Apportation, Sandblast, Passwall, Vhi's Electric Charge,
                  | Stone Arrow.
     0 | D:1      | Reached XP level 1. HP: 13/13 MP: 3/3
   137 | D:1      | Reached skill level 3 in Translocations
   184 | D:1      | Gained mutation: You are surrounded by a mild repulsion
                  | field. (EV +2) [demonic ancestry]
   184 | D:1      | Reached XP level 2. HP: 19/20 MP: 5/5
   262 | D:1      | Reached skill level 1 in Fighting
   849 | D:2      | Reached XP level 3. HP: 20/27 MP: 6/6
  1213 | D:2      | Noticed a scorpion
  1239 | D:2      | Slain by a scorpion

Illustrated notes

Levels and vault maps discovered:
D:1:      heliophobic_arrival_enchanted_forest, layout_loops_ring
D:2:      layout_rooms, pf_guarded_unrand_delatra

Skill      XL: |  1  2  3 |
---------------+----------+-----
Translocations | 3 |  3.0
Earth Magic    | 2 |  2.5
Fighting       | 1 2 |  2.1
Armour         | |  1.0
Dodging        | |  1.0
Stealth        | |  1.0
Spellcasting   | |  2.0

Action                   || total
-------------------------++-------
Melee: Dagger            ||    80
       Punch             ||     2
       Short sword       ||   139
  Use: Potion            ||     5
       Scroll            ||     3
 Stab: Sleeping          ||     3
Armor: Robe              ||    47
Dodge: Dodged            ||   181

Table legend: (Time is in decaauts)
 A = Elapsed time spent in this place.
 B = Non-inter-level travel time spent in this place.
 C = Inter-level travel time spent in this place.
 D = Time resting spent in this place.
 E = Time spent auto-exploring this place.
 F = Levels seen in this place.
 G = Mean time per level.
                   A        B        C        D        E       F      G
               +--------+--------+--------+--------+--------+-----+--------+
         Total |   1231 |   1189 |     42 |    116 |    642 |   2 |  615.5 |
       Dungeon |   1231 |   1189 |     42 |    116 |    642 |   2 |  615.5 |
               +--------+--------+--------+--------+--------+-----+--------+

Top non-repeatable levels by time:
     D:1: 751 daAuts
     D:2: 480 daAuts
